cohdb
Replays
Latest Replays
All Replays
Popular Replays
Top Player Replays
Match Explorer
How It Works
Community
CoH3 Stats
Reddit
Sign in to upload your games and track your stats! →
Sign in with Steam
Match 46093716
Unlisted
Match 46093716
Overview
Messages
Build Orders
End
Construct Section Command Post
Vickers Machine Gun Team
Selects Air and Sea Battlegroup
Infantry Section
Infantry Section
Infantry Section
Selects Supply Surplus
Construct Field Infirmary
Construct Resource Cache
Forward Retreat Point
Construct Platoon Command Post
Grenade Package
Construct Company Command Post
Selects Commando Section Paradrop
Selects Commando Support Section Paradrop
Crusader II Medium Tank
Crusader II Medium Tank
Crusader II Medium Tank
Commando Section Paradrop
Crusader II Medium Tank
Crusader II Medium Tank
Selects Anti-tank Rocket Loiter
Anti-tank Rocket Loiter
Crusader II Medium Tank
Crusader II Medium Tank
Selects UNKNOWN (223837)
Crusader II Medium Tank
Anti-tank Rocket Loiter
Crusader II Medium Tank
Crusader II Medium Tank
Armored Vehicle Training
Anti-tank Rocket Loiter
StormblasT
Snax254
1003604386
potatoo
Chocoboi
Blaston
花开的时候你就来看我
MSZW
0
0
Comments
sign in to comment!
No comments posted yet!